BR
WASHINGTON DC HOT SAUCE @ RANCHO CUCAMONGA SICK MONKEYS
07/15/2027
 
TOP OF THE 1ST
Washington DC Hot Sauce batting - Pitching for Rancho Cucamonga Sick Monkeys : LHP Ángel Árias
Pitching: LHP Ángel Árias
Batting: RHB Matt O'Rourke 0-0: Ball
1-0: Ground out 5-3 (Groundball, 56)
Batting: RHB Juan García 0-0: Ball
1-0: Ball
2-0: Ball
3-0: Called Strike
3-1: Foul Ball, location: 2F
3-2: Foul Ball, location: 2F
3-2: Base on Balls
Batting: LHB Nick Hill 0-0: Ball
1-0: Called Strike
1-1: Foul Ball, location: 2F
1-2: Ball
2-2: Ball
3-2: Fielders Choice at 2nd, 6-4 (Groundball, 56)
Batting: RHB Jake Reeves 0-0: Ball
1-0: Ball
2-0: DOUBLE (Flyball, 9LM)
Nick Hill to third
Runner from 3rd tries for Home, SAFE, no throw
Batting: LHB Esteban Zamora 0-0: Ball
1-0: Ball
2-0: Called Strike
2-1: Called Strike
2-2: Strikes out swinging wild pitch, reaches first!
Jake Reeves to third
Batting: RHB Júlio García 0-0: SINGLE (Line Drive, 7)
Jake Reeves scores
Esteban Zamora to second
Batting: RHB Jesús Ramírez 0-0: SINGLE (Groundball, 6MD)
Esteban Zamora to third
Júlio García to second
Runner from 3rd tries for Home, SAFE, no throw
Batting: RHB Germán Ontiveros 0-0: DOUBLE (Flyball, 8RD)
Júlio García scores
Jesús Ramírez to third
Batting: SHB Tony Varela 0-0: Ball
1-0: Called Strike
1-1: Foul Ball, location: 2F
1-2: SINGLE (Groundball, 56) (infield hit)
Jesús Ramírez scores
Germán Ontiveros to third
Batting: RHB Matt O'Rourke 0-0: Ball
1-0: Called Strike
1-1: Swinging Strike
1-2: Ball
2-2: Strikes out swinging
Top of the 1st over - 5 run(s), 5 hit(s), 0 error(s), 2 left on base; Washington DC 5 - Rancho Cucamonga 0
BOTTOM OF THE 1ST
Rancho Cucamonga Sick Monkeys batting - Pitching for Washington DC Hot Sauce : RHP Chet Miller
Pitching: RHP Chet Miller
Batting: LHB José Esparza 0-0: SINGLE (Line Drive, 4M)
Batting: LHB Paco Córdova 0-0: Called Strike
José Esparza is caught stealing 2nd base
0-1: Foul Ball, location: 2F
0-2: Ball
1-2: Ball
2-2: SINGLE (Groundball, 2R) (infield hit)
Batting: RHB Orlando González 0-0: Called Strike
0-1: Ball
1-1: Ball
2-1: Ball
3-1: Called Strike
3-2: Ground out 5-3 (Groundball, 56S)
Paco Córdova to second
Batting: LHB Paul Holcomb 0-0: Foul Ball, location: 2F
0-1: Ball
1-1: Foul Ball, location: 2F
1-2: Ground out 6-3 (Groundball, 6)
Bottom of the 1st over - 0 run(s), 2 hit(s), 0 error(s), 1 left on base; Washington DC 5 - Rancho Cucamonga 0
TOP OF THE 2ND
Washington DC Hot Sauce batting - Pitching for Rancho Cucamonga Sick Monkeys : LHP Ángel Árias
Batting: RHB Juan García 0-0: Ball
1-0: Ball
2-0: Foul Ball, location: 2F
2-1: Foul Ball, location: 2F
2-2: Strikes out looking
Batting: LHB Nick Hill 0-0: SINGLE (Groundball, 4MD)
Batting: RHB Jake Reeves 0-0: Ball
1-0: Called Strike
1-1: Ground out 5-3 (Groundball, 56S)
Nick Hill to second
Batting: LHB Esteban Zamora 0-0: Ball
1-0: Ball
2-0: Ball
3-0: Base on Balls
Batting: RHB Júlio García 0-0: Ball
1-0: Ball
2-0: Called Strike
2-1: Swinging Strike
2-2: Foul Ball, location: 2F
2-2: Ball
3-2: Base on Balls
Nick Hill to third
Esteban Zamora to second
Pitching: RHP Carlos Domínguez
Batting: RHB Jesús Ramírez 0-0: Ball
1-0: Ball
2-0: Ball
3-0: Called Strike
3-1: Base on Balls
Nick Hill scores
Esteban Zamora to third
Júlio García to second
Batting: RHB Germán Ontiveros 0-0: Ball
1-0: Ball
2-0: Fielders Choice at 2nd, 4-6 (Groundball, 4)
Top of the 2nd over - 1 run(s), 1 hit(s), 0 error(s), 2 left on base; Washington DC 6 - Rancho Cucamonga 0
BOTTOM OF THE 2ND
Rancho Cucamonga Sick Monkeys batting - Pitching for Washington DC Hot Sauce : RHP Chet Miller
Batting: LHB Ed Ballard 0-0: SINGLE (Groundball, 6M) (infield hit)
Batting: SHB Keith Hale 0-0: Called Strike
0-1: Ball
1-1: Called Strike
1-2: Foul Ball, location: 2F
1-2: Fielders Choice at 2nd, 4-6 (Groundball, 4M)
Batting: RHB Francis Land 0-0: Ball
1-0: Ball
2-0: Called Strike
2-1: Ball
3-1: Foul Ball, location: 2F
3-2: Fly out, F2 (Popup, 15S)
Batting: RHB Jeremy Davis 0-0: Called Strike
0-1: Ball
1-1: Ball
2-1: Ball
3-1: Called Strike
3-2: Single, Error in OF, E7, batter to second base
Keith Hale to third
Batting: RHB Dan McKay 0-0: Ball
1-0: Foul Ball, location: 2F
1-1: Foul Ball, location: 2F
1-2: SINGLE (Line Drive, 4S)
Keith Hale scores
Jeremy Davis to third
Runner from 3rd tries for Home, SAFE, no throw
Batting: LHB José Esparza 0-0: 2-RUN HOME RUN (Flyball, 9D), Distance : 387 ft
Batting: LHB Paco Córdova 0-0: Called Strike
0-1: Ball
1-1: Called Strike
1-2: Single, Error in OF, E7, batter to second base
Batting: RHB Orlando González 0-0: Foul Ball, location: 2F
0-1: Fly out, F8 (Flyball, 8RS)
Bottom of the 2nd over - 4 run(s), 5 hit(s), 2 error(s), 1 left on base; Washington DC 6 - Rancho Cucamonga 4
TOP OF THE 3RD
Washington DC Hot Sauce batting - Pitching for Rancho Cucamonga Sick Monkeys : RHP Carlos Domínguez
Batting: SHB Tony Varela 0-0: Called Strike
0-1: Called Strike
0-2: Ball
1-2: Ball
2-2: Strikes out swinging
Batting: RHB Matt O'Rourke 0-0: Ball
1-0: Foul Ball, location: 2F
1-1: Ball
2-1: Foul Ball, location: 2F
2-2: Ball
3-2: Base on Balls
Batting: RHB Juan García 0-0: Called Strike
0-1: Ball
1-1: Foul Ball, location: 2F
1-2: Ball
2-2: Ball
3-2: Reached on error, E6 (Groundball, 56)
Matt O'Rourke to second
Batting: LHB Nick Hill 0-0: Ground out 4-3 (Groundball, 34D)
Matt O'Rourke to third
Juan García to second
Batting: RHB Jake Reeves 0-0: SINGLE (Flyball, 78M)
Matt O'Rourke scores
Juan García to third
Runner from 3rd tries for Home, SAFE, no throw
Batting: LHB Esteban Zamora 0-0: Swinging Strike
0-1: Ball
1-1: Foul Ball, location: 2F
1-2: Foul Ball, location: 2F
1-2: Strikes out looking
Top of the 3rd over - 2 run(s), 1 hit(s), 1 error(s), 1 left on base; Washington DC 8 - Rancho Cucamonga 4
BOTTOM OF THE 3RD
Rancho Cucamonga Sick Monkeys batting - Pitching for Washington DC Hot Sauce : RHP Chet Miller
Batting: LHB Paul Holcomb 0-0: Foul Ball, location: 2F
0-1: Foul Ball, location: 2F
0-2: Ball
1-2: Ball
2-2: Foul Ball, location: 2F
2-2: Foul Ball, location: 2F
2-2: Ball
3-2: Foul Ball, location: 2F
3-2: Ground out 4-3 (Groundball, 34)
Batting: LHB Ed Ballard 0-0: Foul Ball, location: 2F
0-1: Ball
1-1: Fly out, F8 (Flyball, 8LM)
Batting: SHB Keith Hale 0-0: Foul Ball, location: 2F
0-1: Ball
1-1: Ball
2-1: Ground out 4-3 (Groundball, 4)
Bottom of the 3rd over - 0 run(s), 0 hit(s), 0 error(s), 0 left on base; Washington DC 8 - Rancho Cucamonga 4
TOP OF THE 4TH
Washington DC Hot Sauce batting - Pitching for Rancho Cucamonga Sick Monkeys : RHP Carlos Domínguez
Batting: RHB Júlio García 0-0: Called Strike
0-1: Ball
1-1: Ball
2-1: Fly out, F5 (Line Drive, 5)
Batting: RHB Jesús Ramírez 0-0: Ball
1-0: Ball
2-0: Called Strike
2-1: Foul Ball, location: 2F
2-2: Ball
3-2: Foul Ball, location: 2F
3-2: Strikes out swinging passed ball, reaches first!
Batting: RHB Germán Ontiveros 0-0: SINGLE (Groundball, 6MD)
Jesús Ramírez to second
Runner from 2nd tries for 3rd, SAFE, throw made to third
Batting: SHB Tony Varela 0-0: Ball
1-0: Swinging Strike
1-1: Called Strike
1-2: Strikes out swinging
Batting: RHB Matt O'Rourke 0-0: Foul Ball, location: 2F
0-1: SINGLE (Groundball, 56D)
Jesús Ramírez scores
Germán Ontiveros to second
Pitching: RHP Héctor Fabián
Batting: RHB Juan García 0-0: Ball
1-0: Foul Ball, location: 2F
1-1: Foul Ball, location: 2F
1-2: Foul Ball, location: 2F
1-2: Ball
2-2: Foul Ball, location: 2F
2-2: Foul Ball, location: 2F
2-2: SINGLE (Groundball, 4MD)
Germán Ontiveros to third
Matt O'Rourke to second
Runner from 3rd tries for Home, SAFE, throw made home
Batting: LHB Nick Hill 0-0: Ball
1-0: Ball
2-0: Called Strike
2-1: Fly out, F8 (Flyball, 8LS)
Top of the 4th over - 2 run(s), 3 hit(s), 0 error(s), 2 left on base; Washington DC 10 - Rancho Cucamonga 4
BOTTOM OF THE 4TH
Rancho Cucamonga Sick Monkeys batting - Pitching for Washington DC Hot Sauce : RHP Chet Miller
Batting: RHB Francis Land 0-0: Ground out 5-3 (Groundball, 56S)
Batting: RHB Jeremy Davis 0-0: Ball
1-0: Swinging Strike
1-1: SINGLE (Groundball, 2R) (infield hit)
Batting: RHB Dan McKay 0-0: Ball
1-0: Ground out 6-3 (Groundball, 6S)
Jeremy Davis to second
Batting: LHB José Esparza 0-0: Ball
1-0: Called Strike
1-1: Ball
2-1: Called Strike
2-2: Strikes out swinging
Bottom of the 4th over - 0 run(s), 1 hit(s), 0 error(s), 1 left on base; Washington DC 10 - Rancho Cucamonga 4
TOP OF THE 5TH
Washington DC Hot Sauce batting - Pitching for Rancho Cucamonga Sick Monkeys : RHP Héctor Fabián
Batting: RHB Jake Reeves 0-0: Called Strike
0-1: Ball
1-1: Ball
2-1: Swinging Strike
2-2: Foul Ball, location: 2F
2-2: SOLO HOME RUN (Flyball, 89XD), Distance : 427 ft
Batting: LHB Esteban Zamora 0-0: Ball
1-0: Ball
2-0: Called Strike
2-1: Foul Ball, location: 2F
2-2: Fly out, F8 (Line Drive, 89M)
Batting: RHB Júlio García 0-0: Foul Ball, location: 2F
0-1: Ball
1-1: Called Strike
1-2: Ground out 4-3 (Groundball, 4M)
Batting: RHB Jesús Ramírez 0-0: Foul Ball, location: 2F
0-1: Ball
1-1: Ball
2-1: Ball
3-1: Called Strike
3-2: Base on Balls
Batting: RHB Germán Ontiveros 0-0: Swinging Strike
0-1: Swinging Strike
0-2: Foul Ball, location: 2F
0-2: Ball
1-2: Foul Ball, location: 2F
1-2: Ball
2-2: Strikes out swinging
Top of the 5th over - 1 run(s), 1 hit(s), 0 error(s), 1 left on base; Washington DC 11 - Rancho Cucamonga 4
BOTTOM OF THE 5TH
Rancho Cucamonga Sick Monkeys batting - Pitching for Washington DC Hot Sauce : RHP Chet Miller
Batting: LHB Paco Córdova 0-0: Ball
1-0: Called Strike
1-1: Foul Ball, location: 2F
1-2: Foul Ball, location: 2F
1-2: Ground out 4-3 (Groundball, 34)
Batting: RHB Orlando González 0-0: Fly out, F9 (Flyball, 9S)
Batting: LHB Paul Holcomb 0-0: Called Strike
0-1: Ball
1-1: Foul Ball, location: 2F
1-2: Fly out, F7 (Flyball, 7S)
Bottom of the 5th over - 0 run(s), 0 hit(s), 0 error(s), 0 left on base; Washington DC 11 - Rancho Cucamonga 4
TOP OF THE 6TH
Washington DC Hot Sauce batting - Pitching for Rancho Cucamonga Sick Monkeys : RHP Héctor Fabián
Batting: SHB Tony Varela 0-0: Called Strike
0-1: Called Strike
0-2: Ball
1-2: Ball
2-2: Foul Ball, location: 2F
2-2: Foul Ball, location: 2F
2-2: Foul Ball, location: 2F
2-2: Foul Ball, location: 2F
2-2: Ball
3-2: Ground out U3 (Groundball, 3)
Pitching: LHP Elmer Ramírez
Batting: RHB Matt O'Rourke 0-0: Foul Ball, location: 2F
0-1: Called Strike
0-2: Strikes out swinging
Batting: RHB Juan García 0-0: Called Strike
0-1: Foul Ball, location: 2F
0-2: Strikes out swinging, 2-3 out at first.
Top of the 6th over - 0 run(s), 0 hit(s), 0 error(s), 0 left on base; Washington DC 11 - Rancho Cucamonga 4
BOTTOM OF THE 6TH
Rancho Cucamonga Sick Monkeys batting - Pitching for Washington DC Hot Sauce : RHP Chet Miller
Pitching: RHP Jeremiah Harris
Batting: LHB Ed Ballard 0-0: Ball
1-0: Foul Ball, location: 2F
1-1: Swinging Strike
1-2: Ball
2-2: Strikes out swinging
Batting: SHB Keith Hale 0-0: Ball
1-0: Ground out 4-3 (Groundball, 4S)
Batting: RHB Francis Land 0-0: Called Strike
0-1: Ground out 5-3 (Groundball, 56S)
Bottom of the 6th over - 0 run(s), 0 hit(s), 0 error(s), 0 left on base; Washington DC 11 - Rancho Cucamonga 4
TOP OF THE 7TH
Washington DC Hot Sauce batting - Pitching for Rancho Cucamonga Sick Monkeys : LHP Elmer Ramírez
Batting: LHB Nick Hill 0-0: Called Strike
0-1: Foul Ball, location: 2F
0-2: Strikes out swinging
Batting: RHB Jake Reeves 0-0: Foul Ball, location: 2F
0-1: Foul Ball, location: 2F
0-2: SINGLE (Line Drive, 56D)
Batting: LHB Esteban Zamora 0-0: Foul Ball, location: 2F
0-1: Swinging Strike
0-2: Foul Ball, location: 2F
0-2: Ball
1-2: Strikes out looking
Batting: RHB Júlio García 0-0: Fly out, F4 (Popup, 4MD)
Top of the 7th over - 0 run(s), 1 hit(s), 0 error(s), 1 left on base; Washington DC 11 - Rancho Cucamonga 4
BOTTOM OF THE 7TH
Rancho Cucamonga Sick Monkeys batting - Pitching for Washington DC Hot Sauce : RHP Jeremiah Harris
Batting: RHB Jeremy Davis 0-0: Ball
1-0: Foul Ball, location: 2F
1-1: Fly out, F4 (Popup, 4)
Batting: RHB Dan McKay 0-0: Called Strike
0-1: Ball
1-1: Fly out, F7 (Flyball, 7)
Batting: LHB José Esparza 0-0: Called Strike
0-1: Fly out, F9 (Flyball, 9)
Bottom of the 7th over - 0 run(s), 0 hit(s), 0 error(s), 0 left on base; Washington DC 11 - Rancho Cucamonga 4
TOP OF THE 8TH
Washington DC Hot Sauce batting - Pitching for Rancho Cucamonga Sick Monkeys : LHP Elmer Ramírez
Batting: RHB Jesús Ramírez 0-0: Foul Ball, location: 2F
0-1: Called Strike
0-2: Ball
1-2: Strikes out swinging
Batting: RHB Germán Ontiveros 0-0: Swinging Strike
0-1: Ball
1-1: Fly out, F8 (Flyball, 78S)
Batting: SHB Tony Varela 0-0: Called Strike
0-1: Ball
1-1: Called Strike
1-2: Ball
2-2: Ground out 5-3 (Groundball, 56S)
Top of the 8th over - 0 run(s), 0 hit(s), 0 error(s), 0 left on base; Washington DC 11 - Rancho Cucamonga 4
BOTTOM OF THE 8TH
Rancho Cucamonga Sick Monkeys batting - Pitching for Washington DC Hot Sauce : RHP Jeremiah Harris
Now at 2B: Juan López
Batting: LHB Paco Córdova 0-0: Swinging Strike
0-1: Called Strike
0-2: Foul Ball, location: 2F
0-2: Strikes out swinging
Batting: RHB Orlando González 0-0: SOLO HOME RUN (Flyball, 7LD), Distance : 362 ft
Batting: LHB Paul Holcomb 0-0: Ball
1-0: Fly out, F7 (Flyball, 7S)
Batting: LHB Ed Ballard 0-0: Fly out, F9 (Flyball, 89D)
Bottom of the 8th over - 1 run(s), 1 hit(s), 0 error(s), 0 left on base; Washington DC 11 - Rancho Cucamonga 5
TOP OF THE 9TH
Washington DC Hot Sauce batting - Pitching for Rancho Cucamonga Sick Monkeys : LHP Elmer Ramírez
Batting: RHB Matt O'Rourke 0-0: Called Strike
0-1: Fly out, F8 (Line Drive, 8LD)
Batting: RHB Juan García 0-0: Ball
1-0: Ball
2-0: Ball
3-0: Base on Balls
Batting: LHB Nick Hill 0-0: Called Strike
0-1: Called Strike
0-2: Ball
1-2: Foul Ball, location: 2F
1-2: Strikes out looking
Batting: RHB Jake Reeves 0-0: Ball
1-0: Ball
2-0: Called Strike
2-1: Ball
3-1: Base on Balls
Juan García to second
Batting: LHB Esteban Zamora 0-0: Called Strike
0-1: Called Strike
0-2: Strikes out swinging
Top of the 9th over - 0 run(s), 0 hit(s), 0 error(s), 2 left on base; Washington DC 11 - Rancho Cucamonga 5
BOTTOM OF THE 9TH
Rancho Cucamonga Sick Monkeys batting - Pitching for Washington DC Hot Sauce : RHP Jeremiah Harris
Now at C: Manuel Martínez
Now at 3B: Juan Vélez
Batting: SHB Keith Hale 0-0: DOUBLE (Line Drive, 9LS)
Batting: RHB Francis Land 0-0: Ball
1-0: Ground out 5-3 (Groundball, 56S)
Keith Hale to third
Batting: RHB Jeremy Davis 0-0: Ball
1-0: Ground out 6-3 (Groundball, 6)
Keith Hale scores
Pitching: RHP Millard Finch
Batting: RHB Dan McKay 0-0: Ball
1-0: Ball
2-0: Foul Ball, location: 2F
2-1: Ball
3-1: Base on Balls
Batting: LHB José Esparza 0-0: Called Strike
0-1: Ball
1-1: Single, Error in OF, E7, batter to second base
Dan McKay to third
Batting: LHB Paco Córdova 0-0: Ball
1-0: Called Strike
1-1: Ground out 6-3 (Groundball, 6)
Bottom of the 9th over - 1 run(s), 2 hit(s), 1 error(s), 2 left on base; Washington DC 11 - Rancho Cucamonga 6
Thursday, March 30th, 2017 - OOTP Baseball 17.12 Build 75